 Dungeon Crawl Stone Soup version 0.31-a0-177-g4aa6249778 (webtiles) character file.

Game seed: 3026406226904696513

11487 Hajna the Cleaver (level 11, -3/94 HPs)
             Began as a Yellow Draconian Conjurer on June 19, 2023.
             Was a High Priest of Elyvilon.
             Slain by a hornet (4 damage)
             ... in a Gauntlet.
             The game lasted 00:48:39 (13165 turns).

Hajna the Cleaver (Yellow Draconian Conjurer)      Turns: 13165, Time: 00:48:40

Health: -3/94      AC: 17    Str: 10    XL:     11   Next: 50%
Magic:  14/19      EV: 14    Int: 20    God:    Elyvilon [*****.]
Gold:   577        SH:  0    Dex: 12    Spells: 9/21 levels left

rFire   . . .        f - +3 war axe (spect)
rCold   . . .        (no shield)
rNeg    + . .        (body armour unavailable)
rPois   .            m - +2 hat
rElec   .            n - +2 cloak
rCorr   +            (no gloves)
SInv    .            d - +0 pair of boots
Will    .....        (no amulet)
Stlth   +++          u - +4 ring of protection
HPRegen 0.35/turn    C - ring of positive energy
MPRegen 0.16/turn

%: no teleportation
@: lethally poisoned (-3 -> -4), slowed, very slow
A: spit acid, AC +7, unfitting armour, cold-blooded, acid resistance, claws 1,
mutation resistance 1
a: Breathe Acid, Renounce Religion, Purification, Heal Other, Heal Self, Divine
Vigour


You were in a Gauntlet.
You worshipped Elyvilon.
Elyvilon was extremely pleased with you.
You visited 1 branch of the dungeon, and saw 11 of its levels.
You also visited: Ossuary and Gauntlet.

You collected 657 gold pieces.
You spent 80 gold pieces at shops.

Inventory:

Hand Weapons
 b - a +0 whip
 c - a +0 dagger
 f - a +3 spectral war axe (weapon)
 h - a +0 dire flail
 o - a +2 dagger of venom
Missiles
 e - 2 throwing nets
 j - a silver boomerang
 v - 5 datura-tipped darts
 y - 13 poisoned darts
 G - 5 curare-tipped darts
Armour
 d - a +0 pair of boots (worn)
 m - a +2 hat (worn)
 n - a +2 cloak (worn)
 t - the +0 helmet "Pimiq" {rC++ Dex+2}
   (You found it on level 4 of the Dungeon)

   Dex:       It affects your dexterity (+2).
   rC:        It greatly protects you from cold.
Jewellery
 u - a +4 ring of protection (left claw)
 C - a ring of positive energy (right claw)
Wands
 E - a wand of light (10)
 F - a wand of paralysis (9)
 I - a wand of polymorph (4)
Scrolls
 g - 5 scrolls of teleportation
 k - a scroll of blinking
 x - a scroll of fog
 H - a scroll of amnesia
Potions
 a - 3 potions of magic
 i - 2 potions of attraction
 l - a potion of enlightenment
 p - 4 potions of brilliance
 q - a potion of lignification
 r - 7 potions of curing
 s - a potion of berserk rage
 w - a potion of resistance
 z - 2 potions of haste
 A - a potion of heal wounds


   Skills:
 + Level 8.1 Fighting
 + Level 2.2 Short Blades
 + Level 10.5 Axes
 + Level 7.1 Dodging
 + Level 6.9 Stealth
 * Level 5.5 Spellcasting
 + Level 5.2 Conjurations
 + Level 0.2 Translocations
 + Level 2.6 Transmutations
 + Level 1.0 Fire Magic
 + Level 2.6 Poison Magic
 + Level 1.1 Invocations


You had 9 spell levels left.
You knew the following spells:

 Your Spells              Type           Power      Damage    Failure   Level
a - Magic Dart            Conj           100%       1d8       1%          1
b - Searing Ray           Conj           52%        2d6       1%          2
c - Dazzling Flash        Conj/Hex       32%        N/A       11%         3
d - Blink                 Tloc           12%        N/A       16%         2
e - Sting                 Tmut/Pois      64%        1d6       3%          1
f - Ignite Poison         Fire/Tmut/Pois 13%        N/A       14%         3

Your spell library contained the following spells:

 Spells                   Type           Power      Damage    Failure   Level
 Momentum Strike          Conj/Tloc      32%        3d8       5%          2
 Passwall                 Tmut/Erth      8%         N/A       10%         2
 Cigotuvi's Dreadful Rot  Necr/Pois/Air  16%        N/A       12%         2
 Lesser Beckoning         Tloc           12%        N/A       16%         2
 Teleport Other           Tloc           6%         N/A       30%         3
 Portal Projectile        Hex/Tloc       10%        N/A       32%         3
 Vhi's Electric Charge    Tloc/Air       10%        N/A       32%         3
 Iskenderun's Mystic Bla  Conj/Tloc      16%        2d5       34%         4
 Fulminant Prism          Conj/Hex       8%         3d7       36%         4
 Petrify                  Tmut/Erth      10%        N/A       54%         4
 Freezing Cloud           Conj/Ice/Air   6%         6-21      83%         5
 Dispersal                Tloc           3%         N/A       100%        6


Dungeon Overview and Level Annotations

Branches:
Dungeon (11/15)            Temple (0/1) D:4         Ossuary (visited)
Gauntlet (1/1)
   Lair: D:8-11         Orc: D:9-12

Altars:
Cheibriados
Elyvilon
Hepliaklqana
Kikubaaqudgha
Nemelex Xobeh
Okawaru
Ru
Trog
Uskayaw
Vehumet
Yredelemnul

Shops:
D:2 !

Annotations:
Gauntlet 4 transporters, 1 runed translucent door


Innate Abilities, Weirdness & Mutations

You can spit globs of acid.
Your golden yellow scales are hard. (AC +7)
You cannot fit into any form of body armour.
You are cold-blooded and may be slowed by cold attacks.
You are resistant to acid. (rCorr)
You have sharp fingernails.
You are somewhat resistant to further mutation.


Message History

The hornet is heavily wounded.
You feel sick. The hornet stings you.
* * * LOW HITPOINT WARNING * * *
You feel as though you will be slow longer.
The hornet stings you.
* * * LOW HITPOINT WARNING * * *
You are more poisoned.
You feel as though you will be slow longer.
Your magical contamination has completely faded away.
You slash the hornet!
Your tail-slap misses the hornet.
You claw the hornet.
The hornet is severely wounded.
You feel very sick.
The hornet stings you but does no damage. x2
You miss the hornet.
The hornet is severely wounded.
You feel very sick. The hornet closely misses you.
The hornet barely misses you.
You miss the hornet.
The hornet is severely wounded.
You feel very sick.
The hornet stings you but does no damage.
The hornet closely misses you.
You barely miss the hornet.
The hornet is severely wounded.
You feel sick. The hornet stings you!
* * * LOW HITPOINT WARNING * * *
You feel as though you will be slow longer.
The hornet barely misses you. x2
You hit the hornet.
The hornet is severely wounded.
Elyvilon protects you from harm!
The hornet stings you but does no damage.
The hornet misses you.
You barely miss the hornet.
The hornet is severely wounded.
* * * LOW HITPOINT WARNING * * *
You feel sick.
The hornet stings you but does no damage.
The hornet stings you.
You die...

≈....#©..8#.⌠.
##..8.#...©#.8.
#≈....#©..8#...
≈≈.#########...
#≈.####©####..#
##.###.!.###.##
#≈.#..+##..#.≈##
≈≈.#..#@#..#.≈≈#
#≈.#..##yy.#.≈#
##.###..y###.##
##≈.###...###.≈##
#≈≈.#########.≈≈#
#≈....#©..8#.≈#
##..8.#...©#.##
##≈....#©..8#.≈##
#≈≈.#########.≈≈#


You could see 3 hornets.

Vanquished Creatures
  Josephine (D:10)
  Nergalle (D:10)
  Sonja (D:10)
  A necromancer (Gauntlet)
  An ugly thing (D:10)
  An unseen horror (D:10)
  2 hornets (D:9)
  8 wraiths
  3 yaks (D:9)
  4 wyverns
  2 steam dragons
  2 acid dragons
  A water moccasin (D:5)
  Duvessa (D:6)
  3 ice beasts
  2 sky beasts (D:6)
  2 black bears (D:6)
  3 orc warriors
  An ogre (D:6)
  The ghost of Beaer the Shooter, an amateur FoHu (D:3)
  2 centaurs
  6 wolves (Gauntlet)
  7 elf zombies (Ossuary)
  2 kobold brigands
  Blork the orc (D:4)
  A bullfrog (D:7)
  A gnoll sergeant (D:10)
  2 scorpions
  8 wights
  Dowan (D:6)
  24 killer bees
  7 howler monkeys
  3 centaur zombies (Ossuary)
  A jelly (D:5)
  4 hounds
  2 human zombies (Ossuary)
  2 orc priests
  A gnoll bouda (D:10)
  4 iguanas
  Jessica (D:2)
  10 orc wizards
  4 mummies
  12 gnolls
  7 adders
  A shadow imp (D:6)
  2 white imps
  An ufetubus (D:6)
  11 dart slugs
  2 worms
  18 orcs
  6 ball pythons
  5 bats
  8 endoplasms
  7 giant cockroaches
  6 goblins
  9 hobgoblins
  2 jackals (D:4)
  17 kobolds
  8 quokkas
  A frilled lizard (D:1)
  6 rats
264 creatures vanquished.

Vanquished Creatures (others)
  An orc wizard (D:6)
  An orc (D:7)
  A spectral orc (D:7)
  A spectral weapon (D:10)
4 creatures vanquished.

Grand Total: 268 creatures vanquished

Notes
Turn   | Place    | Note
-------+----------+-------------------------------------------
     0 | D:1      | Hajna the Draconian Conjurer began the quest for the Orb.
     0 | D:1      | Reached XP level 1. HP: 14/14 MP: 3/3
   422 | D:1      | Reached XP level 2. HP: 18/22 MP: 0/5
   586 | D:1      | Reached skill level 1 in Fighting
  1176 | D:1      | Reached XP level 3. HP: 28/28 MP: 3/6
  1488 | D:2      | Learned a level 2 spell: Searing Ray
  1492 | D:2      | Learned a level 3 spell: Dazzling Flash
  1575 | D:2      | You fall into a shaft and drop 2 floors!
  1854 | D:2      | Found Enliumn's Distillery.
  1857 | D:2      | Found a faded altar of an unknown god.
  1858 | D:2      | Bought a potion of mutation for 80 gold pieces
  1858 | D:2      | Gained mutation: You have sharp fingernails. [potion of
                  | mutation]
  1858 | D:2      | Gained mutation: You are somewhat resistant to further
                  | mutation. [potion of mutation]
  1866 | D:2      | Prayed at the altar of an unknown god.
  1866 | D:2      | Became a worshipper of Elyvilon the Healer
  1866 | D:2      | Reached * piety under Elyvilon
  1939 | D:2      | Noticed Jessica
  1942 | D:2      | Killed Jessica
  1943 | D:2      | Reached skill level 1 in Short Blades
  1943 | D:2      | Reached XP level 4. HP: 36/36 MP: 3/7
  2481 | D:3      | Reached skill level 1 in Axes
  2734 | D:3      | Reached XP level 5. HP: 40/41 MP: 9/9
  2779 | D:3      | Found a sacrificial altar of Ru.
  2799 | D:3      | Found an ancient bone altar of Kikubaaqudgha.
  2800 | D:3      | Found a bloodstained altar of Trog.
  2802 | D:3      | Found a hide-covered altar of Uskayaw.
  2802 | D:3      | Found a snail-covered altar of Cheibriados.
  2802 | D:3      | Found an iron altar of Okawaru.
  2803 | D:3      | Found a radiant altar of Vehumet.
  3322 | D:3      | Found a large runed translucent door.
  3322 | D:3      | Found a large runed translucent door.
  3324 | D:3      | Noticed Beaer's ghost (amateur FoHu)
  3344 | D:3      | Killed Beaer's ghost
  3345 | D:3      | Reached skill level 2 in Axes
  3345 | D:3      | Reached XP level 6. HP: 29/51 MP: 6/10
  3443 | D:4      | Reached ** piety under Elyvilon
  3443 | D:4      | Found a staircase to the Ecumenical Temple.
  3726 | D:4      | Noticed Blork the orc
  3736 | D:4      | Killed Blork the orc
  3889 | D:4      | Identified the +0 helmet "Pimiq" {rC++ Dex+2}
  4304 | D:5      | Entered Level 5 of the Dungeon
  4308 | D:5      | Reached skill level 3 in Axes
  4426 | D:5      | Your scales start taking on a golden yellow colour.
  4426 | D:5      | Reached XP level 7. HP: 57/57 MP: 3/12
  4426 | D:5      | Gained mutation: You are resistant to acid. (rCorr) [Yellow
                  | Draconian growth]
  4441 | D:5      | Reached skill level 5 in Conjurations
  4488 | D:5      | Found a sand-covered staircase.
  4499 | Ossuary  | Entered an ossuary
  4503 | Ossuary  | Learned a level 2 spell: Blink
  4642 | Ossuary  | Reached skill level 4 in Axes
  4837 | Ossuary  | Reached XP level 8. HP: 20/67 MP: 13/13
  4864 | Ossuary  | Reached skill level 5 in Axes
  5072 | Ossuary  | Reached skill level 5 in Fighting
  5146 | Ossuary  | Identified a scroll of acquirement
  5147 | Ossuary  | Acquired the Folio of Relocated Variation
  5151 | Ossuary  | Learned a level 1 spell: Sting
  5155 | Ossuary  | Learned a level 3 spell: Ignite Poison
  5876 | D:5      | Reached skill level 6 in Axes
  5961 | D:5      | Reached *** piety under Elyvilon
  6483 | D:6      | Reached skill level 1 in Poison Magic
  6498 | D:6      | Reached skill level 1 in Transmutations
  6820 | D:6      | Reached XP level 9. HP: 75/75 MP: 10/15
  6965 | D:6      | Noticed Duvessa
  6970 | D:6      | Noticed Dowan
  6978 | D:6      | Killed Duvessa
  6984 | D:6      | Killed Dowan
  7173 | D:6      | Found a sparkling altar of Nemelex Xobeh.
  7658 | D:6      | Reached skill level 5 in Spellcasting
  7799 | D:7      | Reached skill level 1 in Fire Magic
  7951 | D:7      | Reached **** piety under Elyvilon
  8116 | D:7      | Found a runed translucent door.
  8124 | D:7      | Found a basalt altar of Yredelemnul.
  8245 | D:7      | Found a hazy altar of Hepliaklqana.
  8604 | D:8      | Reached skill level 5 in Dodging
  8617 | D:8      | Found a flagged portal.
  8702 | D:8      | Reached skill level 7 in Axes
  8799 | D:8      | Reached XP level 10. HP: 32/84 MP: 18/18
 10181 | D:9      | Reached skill level 5 in Stealth
 10200 | D:9      | Paralysed by a hornet for 1 turns
 10279 | D:9      | Reached skill level 8 in Axes
 10533 | D:9      | Reached ***** piety under Elyvilon
 11246 | D:10     | Entered Level 10 of the Dungeon
 11276 | D:10     | Noticed Josephine
 11289 | D:10     | Killed Josephine
 11290 | D:10     | Reached skill level 9 in Axes
 11302 | D:10     | Reached XP level 11. HP: 21/92 MP: 19/19
 11674 | D:10     | Noticed Sonja
 11675 | D:10     | Noticed Nergalle
 11690 | D:10     | Killed Sonja
 11691 | D:10     | HP: 3/93 [spectral orc warrior/+0 mace[Nergalle] (4)]
 11691 | D:10     | Elyvilon protects you from harm!
 11699 | D:10     | Elyvilon protects you from harm!
 11705 | D:10     | Killed Nergalle
 11895 | D:10     | Noticed a red ugly thing
 11910 | D:10     | Killed a red ugly thing
 11911 | D:10     | Reached skill level 10 in Axes
 12437 | D:10     | Reached skill level 1 in Invocations
 12903 | D:11     | Found a gate leading to a gauntlet.
 12912 | Gauntlet | Entered a Gauntlet
 12912 | Gauntlet | Noticed a necromancer
 12912 | Gauntlet | Found a transporter.
 12926 | Gauntlet | Found a runed translucent door.
 12926 | Gauntlet | Found a transporter.
 12928 | Gauntlet | Found a transporter.
 12928 | Gauntlet | Found a transporter.
 12949 | Gauntlet | Killed a necromancer
 13146 | Gauntlet | Found a runed translucent door.
 13147 | Gauntlet | Found a runed translucent door.
 13149 | Gauntlet | Found a transporter.
 13149 | Gauntlet | Found a transporter.
 13149 | Gauntlet | Found a transporter.
 13157 | Gauntlet | Paralysed by a hornet for 2 turns
 13163 | Gauntlet | HP: 1/94 [hornet (9)]
 13164 | Gauntlet | Elyvilon protects you from harm!
 13165 | Gauntlet | Slain by a hornet

Illustrated notes

Levels and vault maps discovered:
D:1:      kilobyte_arrival_exit_the_forest, layout_loops_corners
D:2:      layout_rooms, serial_rivers, chequers_serial_rivers_micro_b,
          chequers_serial_rivers_marsh, chequers_serial_rivers_micro_c,
          chequers_serial_rivers_room_b, chequers_serial_rivers_micro_e,
          ebering_ecumenical_altar_petrified, serial_shops, shop_fountains,
          minmay_liquid_box, uniq_jessica
D:3:      kennysheep_slugbush, layout_basic, nicolae_overflow_crystal_walls,
          grunt_temple_overflow_open, ebering_ghost_disaster_area
D:4:      layout_cave_pools, minmay_temple_entry_overgrown, uniq_blork_the_orc
D:5:      layout_loops_cross, gup_ossuary_entry_pyramid, minmay_crossroads
D:6:      layout_basic, nemelex_dance_club_becter, item_on_display_a,
          uniq_duvessa
D:7:      layout_cave_pools, dk_yredelemnul_ordeal,
          nicolae_hepliaklqana_monster_ancestors
D:8:      layout_basic, enter_bailey_3, serial_rivers,
          chequers_serial_rivers_room_b, chequers_serial_rivers_micro_d,
          chequers_serial_rivers_micro_c, chequers_serial_rivers_room_a,
          chequers_serial_rivers_large_a, chequers_serial_rivers_micro_b
D:9:      layout_basic
D:10:     layout_stronghold, uniq_sonja, uniq_nergalle, uniq_josephine
D:11:     layout_rooms, minmay_lair_entry_lava, orc_0_dummy,
          gauntlet_entry_generic, uniq_lodul, uniq_grum
Gauntlet: gammafunk_gauntlet_77_escape_option [minmay_gauntlet_arena_77_path,
          minmay_gauntlet_arena_77_cramped, minmay_gauntlet_arena_77_mirror,
          minmay_gauntlet_arena_77_hold_the_fort,
          minmay_gauntlet_arena_77_checkered,
          nicolae_gauntlet_exit_dead_adventurers]

Skill      XL: |  1  2  3  4  5  6  7  8  9 10 11 |
---------------+----------------------------------+-----
Fighting       | 1 2 3 4 5 6 7 8 |  8.1
Short Blades   | 1 2 |  2.2
Stealth        | 2 3 4 6 |  6.9
Dodging        | 2 3 4 5 6 7 |  7.1
Axes           | 1 2 3 4 6 7 9 10 | 10.5
Spellcasting   | 3 4 5 |  5.5
Conjurations   | 5 |  5.2
Poison Magic   | 1 2 |  2.6
Transmutations | 1 2 |  2.6
Fire Magic     | 1 |  1.0
Invocations    | 1 |  1.1
Translocations | |  0.2

Action                     |  1- 3 |  4- 6 |  7- 9 | 10-12 || total
---------------------------+-------+-------+-------+-------++-------
  Melee: Unarmed           |    10 |       |       |       ||    10
         Dagger            |    14 |       |   138 |       ||   152
         Whip              |     2 |       |       |       ||     2
         Tailslap          |     2 |    18 |    70 |    46 ||   136
         Punch             |     1 |     2 |     7 |     7 ||    17
         War axe           |    29 |   114 |   313 |   357 ||   813
   Cast: Magic Dart        |    60 |   113 |    35 |       ||   208
         Sting             |       |       |    35 |     5 ||    40
         Ignite Poison     |       |       |    10 |     1 ||    11
         Blink             |       |       |       |     1 ||     1
 Invoke: Heal Self         |       |       |       |     4 ||     4
Ability: Breathe Acid      |       |       |     2 |     1 ||     3
    Use: Scroll            |     2 |     6 |    14 |     8 ||    30
         Potion            |     1 |     1 |       |     2 ||     4
   Stab: Sleeping          |       |     1 |     3 |     5 ||     9
         Distracted        |       |       |     1 |     2 ||     3
 Armour: Skin              |    14 |    60 |   243 |   219 ||   536
  Dodge: Dodged            |    52 |   114 |   269 |   340 ||   775

Table legend: (Time is in decaauts)
 A = Elapsed time spent in this place.
 B = Non-inter-level travel time spent in this place.
 C = Inter-level travel time spent in this place.
 D = Time resting spent in this place.
 E = Time spent auto-exploring this place.
 F = Levels seen in this place.
 G = Mean time per level.
                   A        B        C        D        E       F      G
               +--------+--------+--------+--------+--------+-----+--------+
         Total |  13400 |  12710 |    690 |      0 |  10222 |  13 | 1030.8 |
       Dungeon |  12436 |  11746 |    690 |      0 |   9656 |  11 | 1130.5 |
       Ossuary |    706 |    706 |      0 |      0 |    405 |   1 |  706.0 |
      Gauntlet |    257 |    257 |      0 |      0 |    161 |   1 |  257.0 |
               +--------+--------+--------+--------+--------+-----+--------+

Top non-repeatable levels by time:
     D:8: 1726 daAuts
     D:1: 1548 daAuts
     D:6: 1521 daAuts
    D:10: 1394 daAuts
     D:3: 1227 daAuts
     D:9: 1212 daAuts
     D:5: 1156 daAuts
     D:4: 892 daAuts
     D:7: 742 daAuts
     D:2: 712 daAuts
 Ossuary: 706 daAuts
    D:11: 302 daAuts
Gauntlet: 257 daAuts
